 Dungeon Crawl Stone Soup version 0.30.0-29-ga12c61a403 (webtiles) character file.

Game seed: 14844230208721424746

5280 Graphine the Nimble (level 10, 0/114 (118) HPs)
             Began as a Merfolk Transmuter on June 17, 2023.
             Was an Initiate of Ashenzari.
             Slain by a centaur warrior (4 damage)
             ... on level 12 of the Dungeon.
             The game lasted 00:35:51 (12702 turns).

Graphine the Nimble (Merfolk Transmuter)           Turns: 12702, Time: 00:35:52

HP:   0/114 (118)   AC: 25    Str: 12    XL:     10   Next: 63%
MP:   15/17         EV:  2    Int: 12    God:    Ashenzari [......]
Gold: 610           SH:  0    Dex: 18    Spells: 13/18 levels left

rFire   . . .        j - +3 scimitar (flame)
rCold   . . .        (no shield)
rNeg    . . .        D - melded +0 acid dragon scales
rPois   +            m - melded +0 helmet
rElec   .            (cloak currently unavailable)
rCorr   .            (gloves currently unavailable)
SInv    .            (boots currently unavailable)
Will    .....        (no amulet)
Stlth   ++           h - ring of flight
HPRegen 0.39/turn    o - ring of poison resistance
MPRegen 0.15/turn

%: no passive effects
@: tree-form, wereblooded, lightly drained
A: stationary, stasis, torment immunity, boosted hp, (nimble swimmer 2),
(mertail)
a: Renounce Religion, Curse Item


You were on level 12 of the Dungeon.
You worshipped Ashenzari.
Ashenzari was noncommittal.
You were a tree.
You visited 2 branches of the dungeon, and saw 11 of its levels.
You also visited: Sewer.

You collected 610 gold pieces.

Inventory:

Hand Weapons
 c - a +4 dagger of freezing
 g - a +1 dagger of draining
 j - a +3 scimitar of flaming (weapon)
 H - a +2 dagger of venom
Missiles
 b - 10 javelins
 y - 3 curare-tipped darts
Armour
 a - a +1 robe
 m - a +0 helmet (melded)
 D - +0 acid dragon scales (melded)
Jewellery
 f - a ring of ice
 h - a ring of flight (left branch)
 o - a ring of poison resistance (right branch)
 x - a +6 ring of dexterity
 E - a ring of protection from cold
Wands
 l - a wand of paralysis (7)
 n - a wand of flame (8)
 A - a wand of digging (5)
Scrolls
 e - a scroll of identify
 k - a scroll of poison
 F - a scroll of enchant armour
 I - 3 scrolls of teleportation
Potions
 d - a potion of flight {unknown}
 i - 5 potions of attraction
 p - a potion of ambrosia {unknown}
 q - 2 potions of mutation {unknown}
 s - a potion of invisibility {unknown}
 t - a potion of curing
 v - 2 potions of magic {unknown}
 w - a potion of cancellation {unknown}
 z - 3 potions of might
 B - a potion of experience {unknown}
 C - 3 potions of haste
 K - 2 potions of brilliance


   Skills:
 * Level 7.5 Fighting
 * Level 8.2 Long Blades
 * Level 9.5 Dodging
 + Level 6.3 Unarmed Combat
 + Level 4.8 Spellcasting
 * Level 9.4 Transmutations


You had 13 spell levels left.
You knew the following spells:

 Your Spells              Type           Power      Damage    Failure   Level
a - Beastly Appendage     Tmut           50%        N/A       1%          1
b - Wereblood             Tmut           25%        N/A       1%          2
c - Passwall              Tmut/Erth      11%        N/A       4%          2

Your spell library contained the following spells:

 Spells                   Type           Power      Damage    Failure   Level
 Spider Form              Tmut/Pois      14%        N/A       9%          3
 Kiss of Death            Conj/Necr      8%         2d6       21%         1
 Ice Form                 Ice/Tmut       14%        N/A       28%         4
 Blink                    Tloc           4%         N/A       30%         2
 Ensorcelled Hibernation  Hex/Ice        4%         N/A       30%         2
 Confusing Touch          Hex            2%         N/A       52%         3
 Inner Flame              Hex/Fire       2%         N/A       52%         3
 Swiftness                Air            2%         N/A       52%         3
 Tukima's Dance           Hex            2%         N/A       52%         3
 Yara's Violent Unravell  Hex/Tmut       7%         3d5       63%         5
 Animate Dead             Necr           2%         N/A       90%         4
 Dispel Undead            Necr           2%         3d7       90%         4
 Flame Wave               Conj/Fire      2%         2d4       90%         4
 Manifold Assault         Tloc           2%         N/A       90%         4
 Passage of Golubria      Tloc           2%         N/A       90%         4
 Sticky Flame             Conj/Fire      2%         2d3       90%         4
 Haunt                    Necr/Summ      1%         N/A       100%        7
 Storm Form               Tmut/Air       7%         N/A       100%        7
 Infestation              Necr           1%         N/A       100%        8


Dungeon Overview and Level Annotations

Branches:
Dungeon (9/15)             Temple (1/1) D:4           Sewer (visited)
   Lair: D:8-11         Orc: D:9-12

Altars:
Ashenzari
Cheibriados
Elyvilon
Fedhas
Gozag
Kikubaaqudgha
Makhleb
Nemelex Xobeh
Okawaru
Sif Muna
Trog
Vehumet
Yredelemnul
Zin
The Shining One

Shops:
D:2 *   D:3 [

Annotations:
D:9 2 transporters, Zazubon's ghost, journeyman MiBe


Innate Abilities, Weirdness & Mutations

You are a tree.
Your roots penetrate the ground, keeping you stationary.
You cannot be teleported.
You are immune to unholy pain and torment.
Your maximum health is greatly increased.
Your equipment is partially melded.
((You are very nimble when in or above water. (Stealth+, EV+, Speed+++)))
((Your lower body shifts to a powerful aquatic tail in water.))


Message History

The centaur wields a +0 shortbow.
The centaur shoots an arrow.
The arrow completely misses you.
The centaur warrior shoots an arrow.
The arrow hits you!!
A centaur warrior comes into view.
The centaur warrior shouts!
A centaur comes into view. x2
Things that are here:
a +0 shortbow; a centaur corpse You slash the centaur warrior!
You burn the centaur warrior. You headbutt the centaur warrior.
The centaur warrior is heavily wounded.
You howl as the wereblood boils in your veins!
The centaur unwields a +0 shortbow.
The centaur barely misses you. x2
The centaur warrior unwields a +0 shortbow.
The centaur warrior hits you but does no damage.
The centaur warrior kicks you. The centaur misses you.
The centaur kicks you but does no damage.
You barely miss the centaur warrior. You headbutt the centaur warrior!
The centaur warrior is heavily wounded.
The centaur warrior hits you!
* * * LOW HITPOINT WARNING * * *
The centaur warrior kicks you.
* * * LOW HITPOINT WARNING * * *
The centaur closely misses you. The centaur kicks you.
* * * LOW HITPOINT WARNING * * *
Okay, then.
Okay, then.
Really quaff the potion of lignification?
Your horns disappear.
Your +0 helmet unmelds from your body.
You turn into a tree.
Your +0 helmet melds into your body.
Your +0 acid dragon scales melds into your body.
Your roots penetrate the ground.
The centaur hits you but does no damage.
The centaur kicks you but does no damage.
The centaur warrior hits you!
* * * LOW HITPOINT WARNING * * *
The centaur warrior kicks you but does no damage.
The centaur warrior hits you.
You die...

##########
###........#
#.'........#### ##
#.#........'..#
.###.#.....>..##.#
.##..#........##.#
.#..##........##.#
...###.>......##.#
.### #........##♣#
.#
#........##cccc....
.#
###+#########c.....
.# ...... ## #+###


You could see 2 centaur warriors and 3 centaurs.

Vanquished Creatures
  A boulder beetle (D:8)
  Maggie (D:9)
  An efreet (D:8)
  A slime creature (D:8)
  A wyvern (D:8)
  A steam dragon (D:9)
  Edmund (D:6)
  A water moccasin (D:7)
  2 orc warriors
  3 sky beasts
  A black bear (D:5)
  2 ogres (D:5)
  4 centaurs
  2 phantoms
  6 kobold brigands
  6 bullfrogs
  A scorpion (D:5)
  4 wights (D:9)
  5 killer bees (D:8)
  A howler monkey (D:6)
  A quasit (D:12)
  2 jellies
  2 orc priests
  A gnoll bouda (D:6)
  3 hounds (D:4)
  A sleepcap (D:4)
  Jessica (D:3)
  7 orc wizards
  3 iguanas
  Robin (D:2)
  5 gnolls (D:6)
  18 adders
  4 river rats (D:5)
  An ufetubus (D:6)
  2 worms
  4 dart slugs
  22 orcs
  10 endoplasms
  4 giant cockroaches
  15 goblins
  9 hobgoblins
  4 jackals (D:4)
  30 kobolds
  7 quokkas
  10 ball pythons
  7 bats
  2 frilled lizards
  11 rats
232 creatures vanquished.

Notes
Turn   | Place    | Note
-------+----------+-------------------------------------------
     0 | D:1      | Graphine the Merfolk Transmuter began the quest for the
                  | Orb.
     0 | D:1      | Reached XP level 1. HP: 15/15 MP: 3/3
   373 | D:1      | Reached XP level 2. HP: 19/21 MP: 5/5
   503 | D:1      | Learned a level 2 spell: Wereblood
   675 | D:1      | Reached skill level 1 in Long Blades
  1082 | D:2      | Found Meiroedy's General Store.
  1193 | D:2      | Reached XP level 3. HP: 14/26 MP: 4/6
  1536 | D:2      | Noticed Robin
  1556 | D:2      | Killed Robin
  1569 | D:2      | Reached XP level 4. HP: 8/33 MP: 5/7
  1738 | D:2      | Found a faded altar of an unknown god.
  2246 | D:3      | Found Zanoesin's Armour Emporium.
  2364 | D:3      | Noticed Jessica
  2380 | D:3      | Killed Jessica
  2457 | D:3      | Reached XP level 5. HP: 38/38 MP: 5/8
  2508 | D:3      | Found an opulent altar of Gozag.
  3220 | D:3      | Found a sparkling altar of Nemelex Xobeh.
  3623 | D:4      | Reached XP level 6. HP: 26/46 MP: 6/9
  4661 | D:4      | Found a staircase to the Ecumenical Temple.
  4766 | Temple   | Entered the Ecumenical Temple
  4770 | Temple   | Became a worshipper of Ashenzari the Shackled
  4808 | D:5      | Entered Level 5 of the Dungeon
  4896 | D:5      | Reached XP level 7. HP: 37/52 MP: 9/11
  4904 | D:5      | Reached skill level 5 in Dodging
  4942 | D:5      | Found a glowing drain.
  4947 | Sewer    | Entered a sewer
  5051 | Sewer    | Reached skill level 5 in Transmutations
  5723 | D:5      | Reached XP level 8. HP: 57/60 MP: 12/12
  6155 | D:5      | Identified the +6 dagger "Gookkeuw" {freeze, Int+3}
  6694 | D:5      | Reached skill level 5 in Long Blades
  7356 | D:6      | Noticed Edmund
  7365 | D:6      | Reached skill level 5 in Fighting
  7365 | D:6      | Reached skill level 5 in Unarmed Combat
  7385 | D:6      | Killed Edmund
  7644 | D:6      | Reached XP level 9. HP: 8/68 MP: 12/14
  8590 | D:6      | Learned a level 2 spell: Passwall
  9386 | D:7      | Identified the +3 spear "Ublipp" {flame, rPois Str+2
                  | Stlth+}
  9605 | D:7      | Found a bloodstained altar of Trog.
 10167 | D:8      | Noticed a boulder beetle
 10179 | D:8      | Killed a boulder beetle
 10180 | D:8      | Reached XP level 10. HP: 77/77 MP: 16/16
 11343 | D:8      | Found a glowing golden altar of the Shining One.
 11343 | D:8      | Found a white marble altar of Elyvilon.
 11343 | D:8      | Found a glowing silver altar of Zin.
 11971 | D:9      | Found Jather's Antique Weapon Emporium.
 12059 | D:9      | Noticed Maggie
 12070 | D:9      | Killed Maggie
 12285 | D:9      | Found a transporter.
 12296 | D:9      | Noticed Zazubon's ghost (journeyman MiBe)
 12309 | D:9      | Found a transporter.
 12641 | D:9      | You are sucked into a shaft and drop 3 floors!
 12693 | D:12     | Noticed a centaur warrior
 12699 | D:12     | Noticed a centaur warrior
 12702 | D:12     | HP: 4/114 [centaur warrior (9)]
 12702 | D:12     | Slain by a centaur warrior

Illustrated notes

Levels and vault maps discovered:
D:1:      saegor_arrival_miasma, layout_basic
D:2:      layout_loops_cross, ebering_ecumenical_altar_petrified, serial_shops,
          nicolae_shop_tiny_statue_garden, uniq_robin
D:3:      layout_loops_cross, nicolae_gozag_cash_rules_everything_around_me,
          lemuel_coloured_pillars_altar, serial_shops, shop, uniq_jessica
D:4:      layout_basic, temple_hall
D:5:      layout_gridville, lightli_sewer_entry_pipes,
          hangedman_decor_peaks_small, minmay_quadrilaterals
D:6:      layout_loops_cross, uniq_edmund
D:7:      layout_loops_cross, mainiacjoe_overflow_catwalk
D:8:      layout_basic, dreamdust_divine_triumvirate, wad_mini_maze
D:9:      layout_stronghold, orc_0_dummy, serial_shops,
          nicolae_shop_tiny_waterfront, gammafunk_ghost_stat_death,
          minmay_hedge_maze, uniq_maggie
D:12:     layout_roguey, serial_demonic, serial_demonic_c, serial_demonic_g,
          serial_demonic_c, serial_demonic_e, uniq_rupert
Temple:   nicolae_temple_x_marks_the_god

Skill      XL: |  1  2  3  4  5  6  7  8  9 10 |
---------------+-------------------------------+-----
Dodging        | 3 4 5 7 8 9 |  9.5
Transmutations | 3 4 5 7 8 9 |  9.4
Long Blades    | 1 2 3 4 5 7 8 |  8.2
Fighting       | 2 3 4 5 6 7 |  7.5
Unarmed Combat | 4 5 6 |  6.3
Spellcasting   | 3 4 |  4.8

Action                     |  1- 3 |  4- 6 |  7- 9 | 10-12 || total
---------------------------+-------+-------+-------+-------++-------
  Melee: Unarmed           |    21 |       |       |       ||    21
         Headbutt          |    15 |    53 |   120 |    38 ||   226
         Dagger            |   102 |   358 |   579 |    49 ||  1088
         Punch             |     4 |     8 |    21 |     6 ||    39
         Scimitar          |       |       |       |    80 ||    80
   Cast: Beastly Appendage |    22 |    36 |    42 |    11 ||   111
         Wereblood         |     6 |    12 |    26 |     7 ||    51
  Evoke: Wand              |       |       |     9 |     2 ||    11
    Use: Scroll            |       |     9 |     9 |     4 ||    22
         Potion            |       |     5 |     3 |     7 ||    15
   Stab: Sleeping          |     2 |     2 |     4 |       ||     8
         Paralysed         |       |       |     9 |     5 ||    14
 Armour: Robe              |    20 |    41 |    73 |    10 ||   144
         Skin              |       |     5 |       |     3 ||     8
         Acid dragon scale |       |       |       |    15 ||    15
  Dodge: Dodged            |    90 |   255 |   443 |   116 ||   904
